 Dungeon Crawl Stone Soup version 0.31.0-11-ge490571c62 (webtiles) character file.

Game seed: 2715091071668242939

208 qw the Shooter (level 5, -3/26 HPs)
             Began as a Spriggan Hunter on Feb 3, 2024.
             Slain by a hobgoblin (6 damage)
             ... led by Robin
             ... on level 4 of the Dungeon.
             The game lasted 00:00:20 (2716 turns).

qw the Shooter (Spriggan Hunter)                    Turns: 2716, Time: 00:00:20

Health: -3/26      AC:  5    Str:  7    XL:     5   Next: 55%
Magic:  6/6        EV: 21    Int: 10    God:
Gold:   15         SH:  0    Dex: 21    Spells: 4/4 levels left

rFire   + . .        a - +0 shortbow
rCold   . . .        (shield currently unavailable)
rNeg    . . .        d - +2 robe {rF+}
rPois   .            (helmet restricted)
rElec   .            k - +0 cloak
rCorr   .            (gloves unavailable)
SInv    +            (boots unavailable)
Will    .....        (no amulet)
Stlth   ++           (no ring)
HPRegen 0.24/turn    (no ring)
MPRegen 0.10/turn

%: no passive effects
@: very quick
A: very small, no large weapons, unfitting armour, see invisible, speed 3
a: no special abilities


You were on level 4 of the Dungeon.
You visited 1 branch of the dungeon, and saw 4 of its levels.

You collected 118 gold pieces.
You spent 103 gold pieces at shops.


Innate Abilities, Weirdness & Mutations

You are very small and have problems with some larger weapons.
You are too small for most types of armour.
You have supernaturally acute eyesight. (SInv)
You cover ground extremely quickly. (Speed+++)


   Skills:
 - Level 2.2 Fighting
 + Level 5.5 Ranged Weapons
 - Level 5.4 Dodging
 - Level 1.5 Stealth


You had 4 spell levels left.
You didn't know any spells.
Your spell library was empty.

Inventory:

Hand Weapons
 a - a +0 shortbow (weapon)
Armour
 d - a +2 robe of fire resistance (worn)
 k - a +0 cloak (worn)
Potions
 b - a potion of mutation {unknown}
 e - a potion of enlightenment {unknown}
 f - a potion of degeneration {unknown}

Dungeon Overview and Level Annotations

Branches:
Dungeon (4/15)
 Temple: D:4-7

Altars:

Shops:
D:2 =((   D:3 [:[[

Annotations:
D:4 Robin


Message History

You shoot an arrow. The arrow closely misses the adder.
The arrow barely misses the goblin.
The goblin misses you.
The goblin hits you but does no damage. x2
Robin throws the goblin at you! The goblin completely misses you.
The adder barely misses you.
You shoot an arrow. The arrow hits the adder!
You kill the adder!
The hobgoblin closely misses you. The goblin closely misses you.
The goblin completely misses you. x2; The goblin closely misses you.
The goblin barely misses you. The goblin completely misses you.
You shoot an arrow. The arrow hits the goblin.
You kill the goblin!
The goblin closely misses you. The goblin completely misses you.
The hobgoblin closely misses you. The goblin misses you.
The goblin completely misses you. The goblin closely misses you.
Robin throws the goblin at you! The hobgoblin misses you.
The goblin unwields a +0 sling.
The goblin wields a +0 club.
The goblin barely misses you. x2; The goblin hits you but does no damage.
The hobgoblin misses you. The goblin barely misses you.
The goblin hits you with a +0 club. The goblin completely misses you.
The hobgoblin hits you.
You shoot an arrow. The arrow hits the goblin.
The goblin is heavily wounded.
The goblin misses you. The goblin closely misses you. x2
The hobgoblin misses you. The goblin completely misses you.
Robin says, "My goblins will feast on your bones."
The goblin misses you. The hobgoblin misses you. The goblin closely misses you.
You shoot an arrow. The arrow hits the goblin.
You kill the goblin!
The goblin hits you but does no damage. The hobgoblin misses you.
The goblin completely misses you. The hobgoblin misses you.
The goblin completely misses you. The goblin misses you. x2
Robin throws the goblin at you!
You shoot an arrow. The arrow hits the goblin!
You kill the goblin!
The goblin no longer looks unusually strong.
The hobgoblin no longer looks unusually strong.
The goblin completely misses you. The hobgoblin closely misses you.
The goblin completely misses you. The hobgoblin hits you.
You die...

#...# ##...#
....# #...# ##
#... ..# #..#
#.#
##.####..####.#
.......g).....#
.....gg@g###..#
.....$ggg..#..#
.......g####..#
........+....<#
........#######
........#
#########


You could see Robin, 3 hobgoblins and 4 goblins.

Vanquished Creatures
  An orc priest (D:3)
  2 orc wizards (D:3)
  3 adders
  3 dart slugs
  2 ribbon worms
  6 orcs (D:3)
  9 endoplasms
  3 giant cockroaches
  11 goblins
  3 hobgoblins
  12 jackals
  2 quokkas
  6 ball pythons
  3 bats
  5 frilled lizards
  5 kobolds (D:1)
  5 rats
81 creatures vanquished.

Notes
Turn   | Place    | Note
-------+----------+-------------------------------------------
     0 | D:1      | qw the Spriggan Hunter began the quest for the Orb.
     0 | D:1      | Reached XP level 1. HP: 10/10 MP: 2/2
     0 | D:1      | 0 ||| qw: Version: 0.3-a-155-g5e7d8dd
     0 | D:1      | 0 ||| qw: Game counter: 3116
     0 | D:1      | 0 ||| qw: Melee chars always use a shield: true
     0 | D:1      | 0 ||| qw: God list: Okawaru
     0 | D:1      | 0 ||| qw: Allow faded altars: false
     0 | D:1      | 0 ||| qw: Do Orc after clearing Dungeon:15 true
     0 | D:1      | 0 ||| qw: Do second Lair branch before Depths: true
     0 | D:1      | 0 ||| qw: Lair rune preference: random
     0 | D:1      | 0 ||| qw: Goals: Normal
     0 | D:1      | 0 ||| PLANNING D:1-11
    79 | D:1      | Reached skill level 3 in Dodging
   107 | D:1      | Reached XP level 2. HP: 14/14 MP: 3/3
   408 | D:1      | Reached XP level 3. HP: 18/18 MP: 4/4
   545 | D:1      | Found a faded altar of an unknown god.
   830 | D:1      | 830 ||| UPGRADING to +0 cloak.
   835 | D:1      | 835 ||| READING 2 scrolls labelled GUC LAITSEURPHIUGH.
   836 | D:1      | 836 ||| READING 2 scrolls labelled EMUMUVAGISH.
   836 | D:1      | 836 ||| IDENTIFYING golden potion
   837 | D:1      | 837 ||| READING scroll of identify.
   837 | D:1      | 837 ||| IDENTIFYING glowing red potion
   838 | D:1      | 838 ||| READING scroll labelled QULUUROGOA.
   839 | D:1      | 839 ||| DRINKING 2 viscous clear potions.
   840 | D:1      | 840 ||| DRINKING 2 red potions.
   841 | D:1      | 841 ||| DROPPING scroll of butterflies.
   842 | D:1      | 842 ||| DROPPING scroll of blinking.
   843 | D:1      | 843 ||| DROPPING potion of brilliance.
   844 | D:1      | 844 ||| DROPPING potion of berserk rage.
   911 | D:2      | Found Liqyohy's Weapon Shoppe.
   914 | D:2      | 914 ||| SHOPLISTING +0 arbalest of draining (131 gold, have
                  | 46).
   928 | D:2      | Found Ygepseun's Jewellery Emporium.
   939 | D:2      | 939 ||| SHOPLISTING +4 ring of slaying (780 gold, have 46).
   939 | D:2      | 939 ||| SHOPLISTING amulet of guardian spirit (300 gold,
                  | have 46).
   939 | D:2      | 939 ||| SHOPLISTING amulet of the acrobat (300 gold, have
                  | 46).
   939 | D:2      | 939 ||| SHOPLISTING ring of poison resistance (200 gold,
                  | have 46).
   939 | D:2      | 939 ||| SHOPLISTING ring of positive energy (200 gold, have
                  | 46).
   939 | D:2      | 939 ||| SHOPLISTING ring of resist corrosion (200 gold,
                  | have 46).
   949 | D:2      | Found Qeowi's Weapon Emporium.
  1194 | D:2      | 1194 ||| FLEEEEING.
  1368 | D:2      | Reached XP level 4. HP: 20/22 MP: 5/5
  1548 | D:2      | Found the +7 Kryia's mail coat {PotionHeal*2 rC+}
  1831 | D:2      | 1831 ||| DROPPING ring of wizardry.
  1832 | D:2      | 1832 ||| READING scroll labelled IZO BEFAUSES.
  1833 | D:2      | 1833 ||| READING scroll labelled TAMIZO MAGRELL.
  1934 | D:3      | HP: 3/22 [orc priest/+0 flail (3)]
  1935 | D:3      | 1935 ||| DRINKING potion of heal wounds.
  1958 | D:3      | Found Zoih's Antique Armour Boutique.
  2070 | D:3      | Found Ifemp's Antique Armour Shoppe.
  2078 | D:3      | 2078 ||| SHOPLISTING crude robe (171 gold, have 82).
  2265 | D:3      | Reached XP level 5. HP: 26/26 MP: 6/6
  2272 | D:3      | 2272 ||| DRINKING potion of curing.
  2272 | D:3      | 2272 ||| (to cure confusion)
  2361 | D:3      | Found Sookuf's Antique Armour Shoppe.
  2371 | D:3      | 2371 ||| BUYING embroidered robe (103 gold).
  2371 | D:3      | Bought an embroidered robe for 103 gold pieces
  2409 | D:3      | Found Rog Unk's Book Emporium.
  2667 | D:3      | 2667 ||| UPGRADING to +2 robe of fire resistance.
  2677 | D:3      | 2677 ||| DROPPING +0 robe.
  2704 | D:4      | Noticed Robin
  2713 | D:4      | HP: 6/26 [goblin/+0 club[Robin] (3)]
  2713 | D:4      | HP: 2/26 [hobgoblin[Robin] (4)]
  2716 | D:4      | Slain by a hobgoblin

Levels and vault maps discovered:
D:1:      wheals_arrival_linesprint, layout_basic,
          ebering_ecumenical_altar_hall, hangedman_decor_riveting,
          columned_hall_lemuel, hangedman_decor_points, minmay_misc_feat_roman,
          minmay_pentomino_x4
D:2:      layout_loops_corners, serial_shops, shop, nicolae_shop_tiny_glass,
          nicolae_shop_rolling_square, minmay_between
D:3:      layout_loops_ring, serial_shops, nicolae_shop_pleasant_corner_grove,
          shop, nicolae_shop_rolling_square, nicolae_shop_tiny_statue_garden,
          hangedman_decor_slide_cut
D:4:      layout_basic, nicolae_overflow_hidden_temple,
          nicolae_tso_besieged_by_evil, lemuel_temple_firewalk_b, uniq_robin

Skill      XL: |  1  2  3  4 |
---------------+-------------+-----
Dodging        | 3 4 5 |  5.4
Ranged Weapons | 5 |  5.5
Fighting       | 2 |  2.2
Stealth        | |  1.5

Action                     |  1- 3 |  4- 6 || total
---------------------------+-------+-------++-------
   Fire: Shortbow          |   114 |   111 ||   225
    Use: Scroll            |     4 |     2 ||     6
         Potion            |     2 |     2 ||     4
 Armour: Robe              |     6 |    32 ||    38
  Dodge: Dodged            |    23 |    89 ||   112

Table legend:
 A = Non-vault XP
 B = Vault XP
 C = Vault XP percentage of total XP
 D = Non-vault monster count
 E = Vault monster count
 F = Vault count percentage of total count
                 A         B        C        D         E       F
            +---------+---------+-------+---------+---------+-------
      Total |     280 |      20 |   6.7 |      71 |      10 |  12.3
            +---------+---------+-------+---------+---------+-------
        D:1 |      43 |       6 |  12.2 |      23 |       3 |  11.5
        D:2 |      63 |       8 |  11.3 |      28 |       4 |  12.5
        D:3 |     157 |       0 |   0.0 |      18 |       0 |   0.0
        D:4 |      17 |       6 |  26.1 |       2 |       3 |  60.0
            +---------+---------+-------+---------+---------+-------
